 Dungeon Crawl Stone Soup version 0.28.0 (webtiles) character file.

Game seed: 13194817311377823031

56 browni3141 the Chopper (level 3, -5/34 HPs)
             Began as a Minotaur Berserker on Feb 16, 2022.
             Was a Believer of Trog.
             Slain by Sigmund (11 damage)
             ... on level 2 of the Dungeon.
             The game lasted 00:00:33 (988 turns).

browni3141 the Chopper (Minotaur Berserker)          Turns: 988, Time: 00:00:34

Health: -5/34      AC:  2    Str: 23    XL:     3   Next: 71%
Magic:  2/2        EV: 12    Int:  4    God:    Trog [**....]
Gold:   55         SH:  0    Dex:  9    Spells: 2/2 levels left

rFire   . . .      SeeInvis .   a - +0 hand axe
rCold   . . .      Faith    .   (no shield)
rNeg    . . .      Spirit   .   b - +0 animal skin
rPois   .          Reflect  .   (helmet restricted)
rElec   .          Harm     .   (no cloak)
rCorr   .          Rampage  .   (no gloves)
Will    .....                   (no boots)
Stlth   +.........              (no amulet)
HPRegen 0.11/turn               (no ring)
MPRegen 0.08/turn               (no ring)

@: no status effects
A: horns 2, retaliatory headbutt
a: Renounce Religion, Berserk, Trog's Hand


You were on level 2 of the Dungeon.
You worshipped Trog.
Trog was pleased with you.
You visited 1 branch of the dungeon, and saw 2 of its levels.

You collected 55 gold pieces.

Inventory:

Hand Weapons
 a - a +0 hand axe (weapon)
Armour
 b - a +0 animal skin (worn)
Scrolls
 c - a scroll of enchant armour {unknown}
 d - a scroll of teleportation {unknown}
 e - 2 scrolls of vulnerability {unknown}
Potions
 f - a potion of magic {unknown}
 g - a potion of lignification {unknown}


   Skills:
 + Level 4.4 Fighting
 + Level 4.4 Axes
 + Level 3.4 Armour
 - Level 2.1 Dodging


You had 2 spell levels left.
You didn't know any spells.
Your spell library was empty.

Dungeon Overview and Level Annotations

Branches:
Dungeon (2/15)

Altars:

Shops:
D:2 (

Annotations:
D:2 Sigmund


Innate Abilities, Weirdness & Mutations

You have a pair of horns on your head.
You reflexively headbutt those who attack you in melee.


Message History

You kill the jackal!
Trog accepts your kill.
You barely miss the frilled lizard. The frilled lizard closely misses you.
Sigmund mumbles some strange words.
Sigmund flickers and vanishes!
Deactivating autopickup; reactivate with Ctrl-A.
You hit the frilled lizard.
You kill the frilled lizard!
Trog accepts your kill. The jackal bites you. The jackal bites you. x2
You hit the jackal.
You kill the jackal!
Trog accepts your kill.
You closely miss the jackal. You hit the jackal.
The jackal bites you but does no damage. x2
The jackal bites you.
You hit the jackal.
You kill the jackal!
Trog accepts your kill.
You closely miss the jackal.
The jackal bites you but does no damage.
Something hits you! The jackal closely misses you.
You see here a jackal corpse.
You hit the jackal. You headbutt the jackal.
You kill the jackal!
Trog accepts your kill.
You miss something.
You hear some strange, mumbled words.
A magic dart appears from out of thin air!
The magic dart hits you!
No target in view!
You completely miss something. Your headbutt misses something.
You hear some strange, mumbled words.
A puff of flame appears from out of thin air!
The puff of flame hits you.
* * * LOW HITPOINT WARNING * * *
You are too injured to fight recklessly!
Something hits you!
You die...

#..........#
.###..........
#.............#
#.............# #.
#.............#
.###.............#
..##.............#
#.##.............#####
####.##........†@........
......#.........††.......
......#...........{......
......#...†..............
...##...########.........
...###..# #......... ...#
#†.# #......... ....##..#
#..?...... ....##..#
#.........


There were no monsters in sight!

Vanquished Creatures
  2 adders (D:2)
  5 bats (D:1)
  4 endoplasms
  A giant cockroach (D:1)
  2 goblins (D:1)
  3 hobgoblins (D:1)
  4 jackals (D:2)
  3 ball pythons (D:1)
  4 frilled lizards
  4 kobolds
  4 rats (D:1)
36 creatures vanquished.

Notes
Turn   | Place    | Note
-------+----------+-------------------------------------------
     0 | D:1      | browni3141 the Minotaur Berserker began the quest for the
                  | Orb.
     0 | D:1      | Reached XP level 1. HP: 19/19 MP: 0/0
   215 | D:1      | Reached XP level 2. HP: 27/27 MP: 1/1
   501 | D:1      | Reached ** piety under Trog
   753 | D:1      | Reached XP level 3. HP: 33/33 MP: 2/2
   794 | D:2      | Found Inag's Antique Weapon Shop.
   978 | D:2      | Noticed Sigmund
   988 | D:2      | Slain by Sigmund

Illustrated notes

Levels and vault maps discovered:
D:1:      dpeg_arrival_solitude, layout_basic, minmay_misc_feat_pillars
D:2:      layout_basic, serial_shops, shop_fountains, uniq_natasha, uniq_sigmund

Skill      XL: |  1  2 |
---------------+-------+-----
Axes           | 4 |  4.4
Fighting       | 4 |  4.4
Armour         | 3 |  3.4
Dodging        | |  2.1

Action                   || total
-------------------------++-------
Melee: Hand axe          ||    68
       Headbutt          ||     8
 Stab: Distracted        ||     1
Armor: Animal skin       ||    17
Dodge: Dodged            ||    58
